Map: Disco Bloodbath LE

Players

ShoWTimE

  • Race: Protoss Protoss
  • League: Grandmaster
  • Spawn Location: 3:00

DerTryharder - Winner!

  • Race: Terran Terran
  • League: Grandmaster
  • Spawn Location: 9:00

VOD

Have the link to the VOD?

Description

Time

  • Played on: Sept. 25, 2019, 1:47 p.m.
  • Length: 7:35
Show
View Real Time Build Order
Export as new Build Order

ShoWTimE Protoss 

Build Orders:  

Get SALT Encoding   

  12  0:00  Probe  
  13  0:12  Probe  
  14  0:17  Pylon  
  14  0:25  Probe (Chrono Boost)  
  15  0:37  Probe (Chrono Boost)  
  15  0:39  Gateway  
  16  0:45  Probe (Chrono Boost)  
  16  0:47  Assimilator  
  17  0:51  Probe  
  18  1:03  Probe  
  19  1:15  Probe  
  20  1:26  Cybernetics Core  
  20  1:27  Probe, Zealot  
  23  1:34  Pylon  
  23  1:50  Nexus  
  23  1:59  Probe, Stalker (Chrono Boost)  
  24  2:01  Warp Gate (Chrono Boost)  
  26  2:10  Assimilator  
  26  2:12  Probe  
  27  2:22  Stalker  
  29  2:27  Shield Battery  
  29  2:48  Gateway  
  29  2:49  Gateway  
  29  2:56  Stalker  
  31  3:03  Probe x2  
  33  3:15  Probe x2  
  34  3:27  Probe x2 (Chrono Boost)  
  34  3:28  Robotics Facility  
  35  3:42  Stalker x2  
  35  3:44  Stalker  
  39  3:56  Pylon  
  38  4:08  Stalker  
  40  4:10  Stalker  
  40  4:16  Stalker  
  44  4:44  Stalker x3  
  50  4:49  Pylon  
  50  4:55  Shield Battery  
  50  5:09  Stalker x3  
  56  5:24  Pylon  
  56  5:31  Gateway  
  56  5:34  Adept x3  
  62  5:41  Cybernetics Core  
  62  5:54  Gateway  
  62  6:03  Zealot x2  
  60  6:24  Sentry x2  
  60  6:27  Pylon  
  60  6:29  Pylon  
  60  6:30  Pylon  
  60  6:32  Pylon  
  58  7:02  Pylon  
  58  7:03  Pylon  
  53  7:11  Zealot  
Show
View Real Time Build Order
Export as new Build Order

DerTryharder Terran - Winner!

Build Orders: 1/1/1, Cyclone Opening 

Get SALT Encoding   

  12  0:00  SCV  
  13  0:13  SCV  
  14  0:17  Supply Depot  
  14  0:25  SCV  
  15  0:29  Refinery  
  15  0:39  SCV  
  16  0:49  Barracks  
  16  0:52  SCV  
  17  0:58  Refinery  
  17  1:04  SCV  
  18  1:17  SCV  
  20  1:36  Factory  
  20  1:38  Reaper, Orbital Command  
  20  1:47  Supply Depot  
  20  2:04  SCV  
  21  2:11  Barracks Reactor  
  21  2:16  SCV  
  21  2:20  Factory Tech Lab  
  21  2:21  Starport  
  22  2:28  Supply Depot  
  22  2:33  SCV  
  23  2:41  Cyclone  
  26  2:47  Marine x2  
  26  2:50  SCV  
  29  2:56  Medivac  
  31  3:01  Barracks  
  31  3:06  Supply Depot  
  31  3:08  Marine  
  31  3:09  Marine  
  33  3:20  Siege Tank  
  36  3:29  Starport Tech Lab  
  36  3:30  Marine  
  36  3:31  Marine  
  38  3:35  Supply Depot  
  38  3:50  Barracks Tech Lab  
  38  3:51  Marine x2  
  40  3:59  Raven  
  42  4:08  Marine  
  42  4:09  Marine  
  44  4:10  Marine  
  44  4:15  Stimpack  
  45  4:26  Marine x2  
  45  4:28  Supply Depot, Marine  
  48  4:37  Siege Tank  
  51  4:43  Marine  
  51  4:44  Marine  
  52  4:45  Marine  
  53  4:55  Supply Depot  
  53  5:01  Marine  
  53  5:02  Medivac, Marine  
  53  5:03  Marine  
  58  5:17  SCV  
  59  5:28  Marine x3, Siege Tank  
  53  5:39  Orbital Command  
  42  6:39  Marine  
  41  7:17  Supply Depot  
Tags
 
Add a new tag
Caveats
  • Supply blocks, unpowered buildings, or Contaminate may cause inaccurate times.
  • Supply counts are checked every 10 seconds.